 Dungeon Crawl Stone Soup version 0.30-a0-168-g0b976cbdc4 (webtiles) character file.

Game seed: 8810497288778140103

130 qw the Chopper (level 5, -5/32 HPs)
             Began as a Gargoyle Fighter on Sept 29, 2022.
             Slain by Ijyb
             ... wielding a +0 club
              (7 damage)
             ... on level 3 of the Dungeon.
             The game lasted 00:01:02 (2402 turns).

qw the Chopper (Gargoyle Fighter)                   Turns: 2402, Time: 00:01:03

Health: -5/32      AC:  0    Str: 21    XL:     5   Next: 13%
Magic:  5/5        EV: 17    Int:  9    God:
Gold:   97         SH:  0    Dex: 14    Spells: 4/4 levels left

rFire   . . .      SeeInvis .    (weapon currently unavailable)
rCold   . . .      Faith    .    (shield currently unavailable)
rNeg    + . .      Spirit   .    (body armour currently unavailable)
rPois   inf        Reflect  .    (helmet currently unavailable)
rElec   .          Harm     .    (cloak currently unavailable)
rCorr   .          Rampage  .    (gloves currently unavailable)
Will    .....                    (boots currently unavailable)
Stlth   +.........               (no amulet)
HPRegen 0.10/turn                (ring currently unavailable)
MPRegen 0.09/turn                (ring currently unavailable)

@: about to teleport, bat-form, flying, very quick
A: fast, flying, no casting, sickness immunity, AC +4, tiny, negative energy
resistance 1, (electricity resistance), torment resistance 1, petrification
resistance
a: no special abilities


You were on level 3 of the Dungeon.
You were a bat.
You visited 1 branch of the dungeon, and saw 3 of its levels.

You collected 97 gold pieces.


Innate Abilities, Weirdness & Mutations

You are a bat.
You are tiny and dextrous.
You move quickly.
You are flying.
Your equipment is almost entirely melded.
You are incapable of wielding weapons or throwing items.
You cannot cast spells.
You are immune to sickness and miasma.
((Your stone body is resilient. (AC +4)))
You are immune to poison.
You resist negative energy. (rN+)
((You are resistant to electric shocks. (rElec)))
You are resistant to unholy torment.
You are immune to petrification.


   Skills:
 - Level 3.2 Fighting
 - Level 4.7 Axes
 - Level 3.2 Armour
 + Level 0.0 Dodging
 - Level 3.2 Shields


You had 4 spell levels left.
You didn't know any spells.
Your spell library was empty.

Inventory:

Hand Weapons
 e - a +0 whip
 Y - a +1 war axe (melded)
Missiles
 a - a boomerang (quivered)
Armour
 c - a +0 buckler (melded)
 f - +0 pearl dragon scales (melded)
 g - a +2 cloak (melded)
 i - a +0 pair of boots (melded)
 l - a +2 hat (melded)
Scrolls
 b - a scroll of identify
Potions
 d - 2 potions of might
 h - a potion of resistance {unknown}
 j - a potion of curing {unknown}
 m - a potion of haste {unknown}

Dungeon Overview and Level Annotations

Branches:
Dungeon (3/15)

Altars:

Annotations:
D:3 Ijyb


Message History

You hear a bark! x2
A jackal comes into view.
Ijyb hits you with a +0 club! The rat barely misses you.
The kobold hits you with a +0 short sword.
The jackal barks!
You hit Ijyb but do no damage.
Ijyb is moderately wounded.
The bat misses you. x2; The rat barely misses you.
The bat hits you. Ijyb misses you. The kobold completely misses you.
You hit Ijyb but do no damage.
Ijyb is moderately wounded.
The bat hits you.
A jackal comes into view.
The bat barely misses you.
A jackal comes into view.
The jackal barks!
You hit Ijyb but do no damage.
Ijyb is moderately wounded.
The bat hits you. The kobold barely misses you. The rat misses you.
Ijyb barely misses you.
The jackal stops to sniff the ground.
You hit Ijyb but do no damage.
Ijyb is moderately wounded.
The bat hits you. The rat barely misses you. The kobold barely misses you.
Ijyb misses you. The bat barely misses you.
You barely miss Ijyb.
Ijyb is moderately wounded.
The rat closely misses you. Ijyb hits you with a +0 club.
The kobold barely misses you.
2401 ||| READING scroll of teleportation.
As you read the scroll of teleportation, it crumbles to dust.
You feel strangely unstable. The bat closely misses you.
The kobold hits you with a +0 short sword.
The rat misses you. Ijyb closely misses you.
You hit Ijyb.
Ijyb is moderately wounded.
The jackal completely misses you. The rat bites you.
The kobold completely misses you. Ijyb hits you with a +0 club!
You die...

##...###
####.#
#....#
#>..##)###
...# #...#
...######.#
........#
......b?##
.....hrbh#
......Kgh#
......h...#
....#.<....#
..#........#
....#...##..
.#....## ..#
..#.. ..#


You could see Ijyb, 4 jackals, a bat, a kobold and a rat.

Vanquished Creatures
  A jelly (D:3)
  3 adders
  A worm (D:2)
  An orc (D:2)
  4 bats
  7 endoplasms
  2 giant cockroaches
  2 goblins
  5 hobgoblins
  7 jackals
  8 kobolds
  2 quokkas
  3 ball pythons
  2 frilled lizards (D:2)
  23 rats
  A rat zombie (D:3)
72 creatures vanquished.

Notes
Turn   | Place    | Note
-------+----------+-------------------------------------------
     0 | D:1      | qw the Gargoyle Fighter began the quest for the Orb.
     0 | D:1      | Reached XP level 1. HP: 14/14 MP: 1/1
     0 | D:1      | 0 ||| qw: Version: 0.2-a-12-gaebbb33
     0 | D:1      | 0 ||| qw: Game counter: 1189
     0 | D:1      | 0 ||| qw: Always use a shield: true
     0 | D:1      | 0 ||| qw: God list: Okawaru
     0 | D:1      | 0 ||| qw: Allow faded altars: false
     0 | D:1      | 0 ||| qw: Do Orc after D:15 true
     0 | D:1      | 0 ||| qw: Do second Lair branch before Depths: true
     0 | D:1      | 0 ||| qw: Lair rune preference: random
     0 | D:1      | 0 ||| qw: Plans: Normal, Zot:1-4, God:TSO, Crypt, Tomb,
                  | Pan, Slime:5, Hells, Abyss, Orb
     0 | D:1      | 0 ||| PLANNING D:1-11
   144 | D:1      | Reached skill level 2 in Axes
   180 | D:1      | Reached XP level 2. HP: 19/19 MP: 2/2
   482 | D:1      | Found a faded altar of an unknown god.
   507 | D:1      | 507 ||| Stepping ~*~*~tactically~*~*~ (stealth).
   509 | D:1      | Reached skill level 3 in Axes
   758 | D:1      | 758 ||| UPGRADING to +0 pearl dragon scales.
   768 | D:1      | 768 ||| DROPPING +0 scale mail.
   769 | D:1      | 769 ||| UPGRADING to +0 pair of boots.
   774 | D:1      | 774 ||| READING scroll labelled SYEGHU VESE.
   775 | D:1      | 775 ||| READING scroll labelled JISTRO XIME.
  1028 | D:2      | Reached XP level 3. HP: 23/23 MP: 3/3
  1064 | D:2      | 1064 ||| Stepping ~*~*~tactically~*~*~ (stealth).
  1065 | D:2      | 1065 ||| Stepping ~*~*~tactically~*~*~ (stealth).
  1152 | D:2      | 1152 ||| FLEEEEING.
  1153 | D:2      | 1153 ||| FLEEEEING.
  1154 | D:2      | 1154 ||| FLEEEEING.
  1155 | D:2      | 1155 ||| FLEEEEING.
  1156 | D:2      | 1156 ||| FLEEEEING.
  1157 | D:2      | 1157 ||| FLEEEEING.
  1158 | D:2      | 1158 ||| FLEEEEING.
  1163 | D:2      | 1163 ||| FLEEEEING.
  1164 | D:2      | 1164 ||| FLEEEEING.
  1170 | D:2      | 1170 ||| FLEEEEING.
  1171 | D:2      | 1171 ||| FLEEEEING.
  1172 | D:2      | 1172 ||| FLEEEEING.
  1173 | D:2      | 1173 ||| FLEEEEING.
  1183 | D:2      | 1183 ||| FLEEEEING.
  1184 | D:2      | 1184 ||| FLEEEEING.
  1185 | D:2      | 1185 ||| FLEEEEING.
  1186 | D:2      | 1186 ||| FLEEEEING.
  1187 | D:2      | 1187 ||| FLEEEEING.
  1188 | D:2      | 1188 ||| FLEEEEING.
  1202 | D:2      | 1202 ||| FLEEEEING.
  1203 | D:2      | 1203 ||| FLEEEEING.
  1204 | D:2      | 1204 ||| FLEEEEING.
  1205 | D:2      | 1205 ||| FLEEEEING.
  1206 | D:2      | 1206 ||| FLEEEEING.
  1207 | D:2      | 1207 ||| FLEEEEING.
  1208 | D:2      | 1208 ||| FLEEEEING.
  1209 | D:2      | 1209 ||| FLEEEEING.
  1210 | D:2      | 1210 ||| FLEEEEING.
  1211 | D:2      | 1211 ||| FLEEEEING.
  1212 | D:2      | 1212 ||| FLEEEEING.
  1214 | D:2      | 1214 ||| FLEEEEING.
  1215 | D:2      | 1215 ||| FLEEEEING.
  1216 | D:2      | 1216 ||| FLEEEEING.
  1217 | D:2      | 1217 ||| STAIRDANCE
  1261 | D:2      | 1261 ||| STAIRDANCE
  1373 | D:2      | Reached XP level 4. HP: 26/28 MP: 4/4
  1397 | D:2      | 1397 ||| Stepping ~*~*~tactically~*~*~ (stealth).
  1856 | D:2      | 1856 ||| Stepping ~*~*~tactically~*~*~ (stealth).
  1858 | D:2      | 1858 ||| Stepping ~*~*~tactically~*~*~ (stealth).
  1862 | D:2      | Reached skill level 4 in Axes
  1889 | D:2      | 1889 ||| Stepping ~*~*~tactically~*~*~ (stealth).
  1902 | D:2      | 1902 ||| Stepping ~*~*~tactically~*~*~ (stealth).
  2195 | D:2      | 2195 ||| UPGRADING to +2 cloak.
  2200 | D:2      | 2200 ||| UPGRADING to +2 hat.
  2205 | D:2      | 2205 ||| READING 2 scrolls labelled DOTTIM HYOM.
  2206 | D:2      | 2206 ||| READING scroll labelled RUKHLA FASHROMYOKLO.
  2207 | D:2      | 2207 ||| READING 2 scrolls labelled GIRATH LYTZA.
  2276 | D:3      | 2276 ||| PLANNING SEWER
  2302 | D:3      | 2302 ||| Stepping ~*~*~tactically~*~*~ (stealth).
  2305 | D:3      | 2305 ||| Stepping ~*~*~tactically~*~*~ (stealth).
  2310 | D:3      | Reached XP level 5. HP: 32/32 MP: 5/5
  2369 | D:3      | 2369 ||| Stepping ~*~*~tactically~*~*~ (stealth).
  2387 | D:3      | Noticed Ijyb
  2400 | D:3      | HP: 7/32 [Ijyb/+0 club (5)]
  2401 | D:3      | 2401 ||| READING scroll of teleportation.
  2402 | D:3      | HP: 2/32 [rat (3)]
  2402 | D:3      | Slain by Ijyb

Levels and vault maps discovered:
D:1:      ncdulo_watergridlock, layout_loops_ring,
          hellmonk_ecumenical_altar_zigzags, serial_bayou_pond_e
D:2:      layout_basic, serial_forest, infiniplex_forest_straight_2,
          infiniplex_forest_end_3, infiniplex_forest_straight_5,
          infiniplex_forest_lined_corner, infiniplex_forest_lined_room_3,
          infiniplex_forest_lined_2, minmay_misc_feat_hallway, minmay_rat_hole
D:3:      minmay_chambers_of_twos, layout_rooms, nemelex_spade_bored_becter,
          mainiacjoe_overflow_24_doors, lemuel_zombie_altar_kikubaaqudgha,
          mainiacjoe_overflow_concentric_impassable, gup_sewer_entry_pipe,
          serial_shops, nicolae_shop_hallway_plus, minmay_misc_feat_pillars,
          minivault_14, serial_bayou_pond_d, uniq_ijyb, uniq_natasha

Skill      XL: |  1  2  3  4 |
---------------+-------------+-----
Axes           | 2 3 4 |  4.7
Fighting       | |  3.2
Armour         | |  3.2
Shields        | |  3.2

Action                   |  1- 3 |  4- 6 || total
-------------------------+-------+-------++-------
Melee: War axe           |   113 |    75 ||   188
       Unarmed           |       |     8 ||     8
Throw: Boomerang         |    13 |    36 ||    49
  Use: Scroll            |     2 |     4 ||     6
Armor: Scale mail        |    36 |       ||    36
       Pearl dragon scal |    45 |    40 ||    85
Dodge: Dodged            |    50 |    43 ||    93
Block: Buckler           |    22 |    10 ||    32

Table legend:
 A = Non-vault XP
 B = Vault XP
 C = Vault XP percentage of total XP
 D = Non-vault monster count
 E = Vault monster count
 F = Vault count percentage of total count
                 A         B        C        D         E       F
            +---------+---------+-------+---------+---------+-------
      Total |     163 |      23 |  12.4 |      51 |      21 |  29.2
            +---------+---------+-------+---------+---------+-------
        D:1 |      31 |       0 |   0.0 |      19 |       0 |   0.0
        D:2 |      71 |      20 |  22.0 |      25 |      19 |  43.2
        D:3 |      61 |       3 |   4.7 |       7 |       2 |  22.2
            +---------+---------+-------+---------+---------+-------
